 Dungeon Crawl Stone Soup version 0.21-a0-185-g3a6ed1e (webtiles) character file.

75 Deeps the Firebug (level 4, -1/33 HPs)
             Began as a Draconian Fire Elementalist on Aug 13, 2017.
             Slain by Deeps's ghost (3 damage)
             ... on level 3 of the Dungeon.
             The game lasted 00:07:46 (1796 turns).

Deeps the Firebug (Draconian Fire Elementalist)     Turns: 1796, Time: 00:07:47

Health: -1/33      AC:  5    Str: 16    XL:     4   Next: 11%
Magic:  3/7        EV: 12    Int: 16    God:
Gold:   129        SH:  0    Dex: 11    Spells: 4/9 levels left

rFire    . . .     SeeInvis .   e - +0 short sword
rCold    . . .     Gourm    .   (no shield)
rNeg     . . .     Faith    .   (armour unavailable)
rPois    .         Spirit   .   (helmet restricted)
rElec    .         Reflect  .   (no cloak)
rCorr    .         Harm     .   (no gloves)
MR       .....                  (no boots)
Stlth    ++........             (no amulet)
HPRegen  0.11/turn              (no ring)
MPRegen  0.10/turn              (no ring)

@: mighty
A: unfitting armour, horns 1, low mp 1, sense surroundings 1, cold-blooded, AC
+5
a: no special abilities


You were on level 3 of the Dungeon.
You were not hungry.

You visited 1 branch of the dungeon, and saw 3 of its levels.

You collected 129 gold pieces.

Inventory:

Hand Weapons
 c - a +0 dagger
 e - a +0 short sword (weapon)
Jewellery
 g - an uncursed amulet of regeneration
Scrolls
 f - a scroll of enchant armour
 h - a scroll of identify
 i - a scroll of fog
 j - a scroll of immolation
 n - a scroll of recharging
 o - 3 scrolls of remove curse
Potions
 m - a potion of cancellation
Books
 a - a book of Flames

   Spells                             Type                      Level
   a - Flame Tongue                   Conjuration/Fire             1
   b - Throw Flame                    Conjuration/Fire             2
   c - Conjure Flame                  Conjuration/Fire             3
   d - Inner Flame                    Hexes/Fire                   3
   e - Sticky Flame                   Conjuration/Fire             4
   f - Fireball                       Conjuration/Fire             5
Comestibles
 b - 5 bread rations
 d - a meat ration
 k - a fruit


   Skills:
 - Level 1.7 Dodging
 - Level 1.7 Stealth
 + Level 3.1 Spellcasting
 + Level 1.0 Conjurations
 + Level 4.2 Fire Magic


You had 4 spell levels left.
You knew the following spells:

 Your Spells              Type           Power        Failure   Level  Hunger
a - Flame Tongue          Conj/Fire      ##...        6%          1    None
b - Sticky Flame          Conj/Fire      ##......     54%         4    ####...


Dungeon Overview and Level Annotations

Branches:
Dungeon (3/15)

Altars:

Annotations:
D:3 Deeps's ghost, amateur DsFi


Innate Abilities, Weirdness & Mutations

Your plain brown scales are hard. (AC +5)
You cannot fit into any form of body armour.
You are cold-blooded and may be slowed by cold attacks.
You have a pair of small horns on your head.
Your magical capacity is low. (-10% MP)
You passively map a small area around you.


Message History

Aiming: Flame Tongue
Press: ? - help, Shift-Dir - straight line, f/p - Deeps's ghost
Aim: Deeps's ghost (moderately damaged)
Okay, then.
Casting: Flame Tongue
Confirm with . or Enter, or press ? or * to list all spells.
The spell is very dangerous to cast!
Continue anyway?
Okay, then.
Casting: Sticky Flame
Confirm with . or Enter, or press ? or * to list all spells.
Aiming: Flame Tongue
Press: ? - help, Shift-Dir - straight line, f/p - Deeps's ghost
Aim: Deeps's ghost (moderately damaged)
The flame tongue hits Deeps's ghost.
Deeps's ghost appears unharmed.
Deeps's ghost is moderately damaged.
Deeps's ghost misses you.
You closely miss Deeps's ghost.
Deeps's ghost is moderately damaged.
Deeps's ghost hits you.
You die...

,#. .# , #. .#.# , ,#.
.#.# * # #.###.#.# *
#.#.....#(# ,
#......†#.# * *
*########..).#.# , ,
#........##.#§##### *
#....@#######§§§..#.
###..##.W....§§§§§....#,
.............§§§§§.....
,
.........##########.(.#
* #####.#..# .## #.#..#
# * #.#..# .....# *
#.##.# *


You could see Deeps's ghost.

Vanquished Creatures
  2 adders (D:2)
  A dart slug (D:1)
  2 leopard geckos
  2 giant cockroaches
  6 goblins
  5 hobgoblins
  2 jackals (D:2)
  13 bats
  4 frilled lizards (D:1)
  5 kobolds
  8 rats
50 creatures vanquished.

Notes
Turn   | Place    | Note
-------+----------+-------------------------------------------
     0 | D:1      | Deeps the Draconian Fire Elementalist began the quest for the Orb.
     0 | D:1      | Reached XP level 1. HP: 14/14 MP: 3/3
   365 | D:1      | Reached XP level 2. HP: 19/20 MP: 5/5
   982 | D:1      | Reached XP level 3. HP: 19/26 MP: 7/7
   986 | D:1      | Gained mutation: Your magical capacity is low. (-10% MP) [potion of mutation]
   986 | D:1      | Gained mutation: Your flesh is heat resistant. (rF+) [potion of mutation]
   990 | D:1      | Lost mutation: Your flesh is heat resistant. (rF+) [potion of mutation]
   990 | D:1      | Lost mutation: Your magical capacity is low. (-10% MP) [potion of mutation]
   990 | D:1      | Gained mutation: Your magical capacity is low. (-10% MP) [potion of mutation]
   990 | D:1      | Gained mutation: You passively map a small area around you. [potion of mutation]
   990 | D:1      | Gained mutation: You have a pair of small horns on your head. [potion of mutation]
  1392 | D:2      | Reached skill level 4 in Fire Magic
  1584 | D:2      | Reached XP level 4. HP: 29/33 MP: 3/7
  1591 | D:2      | Learned a level 4 spell: Sticky Flame
  1777 | D:3      | Noticed Deeps's ghost (amateur DsFi)
  1796 | D:3      | Slain by Deeps's ghost

Vault maps used:
D:1:      saegor_arrival_miasma, minivault_14, minmay_domino_2
D:3:      old_standard_altar, first_bread, uniq_sigmund, uniq_ijyb

Skill      XL: |  1  2  3 |
---------------+----------+-----
Spellcasting   | 3 |  3.1
Fire Magic     | 4 |  4.2
Dodging        | |  1.7
Stealth        | |  1.7
Conjurations   | |  1.0

Action                   |  1- 3 |  4- 6 || total
-------------------------+-------+-------++-------
Melee: Unarmed           |    14 |       ||    14
       Dagger            |     4 |       ||     4
       Short sword       |   156 |    24 ||   180
       Tailslap          |     9 |     5 ||    14
       Headbutt          |     6 |       ||     6
 Cast: Flame Tongue      |    22 |     6 ||    28
  Use: Potion            |     6 |     2 ||     8
       Scroll            |     5 |     3 ||     8
 Stab: Sleeping          |     2 |       ||     2
  Eat: Chunk             |     2 |     1 ||     3
Armor: Skin              |   101 |    15 ||   116
Dodge: Dodged            |   198 |    30 ||   228
